 Dungeon Crawl Stone Soup version 0.20-a0-151-g755e310 (webtiles) character file.

302 KristoblXynda the Sneak (level 6, 0/45 HPs)
             Began as a Draconian Enchanter on Nov 22, 2016.
             Slain by braks's ghost (9 damage)
             ... on level 4 of the Dungeon.
             The game lasted 00:08:02 (4004 turns).

KristoblXynda the Sneak (Draconian Enchanter)       Turns: 4004, Time: 00:08:03

Health: 0/45       AC:  8    Str: 10    XL:     6   Next: 14%
Magic:  0/11       EV: 11    Int: 17    God:
Gold:   205        SH:  0    Dex: 12    Spells: 6/12 levels left

rFire  . . .     SeeInvis .     d - +1 dagger (freeze)
rCold  . . .     Gourm    .     (armour unavailable)
rNeg   . . .     Faith    .     (no shield)
rPois  .         Spirit   .     (helmet restricted)
rElec  .         Reflect  .     s - +1 cloak
rCorr  .         Harm     .     (no gloves)
MR     .....                    (no boots)
Stlth  ++........               (no amulet)
                                (no ring)
                                (no ring)

@: heavily drained
A: unfitting armour, cold-blooded, AC +6
a: no special abilities


You were on level 4 of the Dungeon.
You were hungry.

You visited 1 branch of the dungeon, and saw 4 of its levels.

You collected 205 gold pieces.

Inventory:

Hand Weapons
 d - a +1 dagger of freezing (weapon)
 q - a +3 whip
Armour
 s - a +1 cloak (worn)
Wands
 m - a wand of teleportation (3/9)
Scrolls
 a - 2 scrolls of identify
 g - a scroll of fog {unknown}
 h - a scroll of random uselessness {unknown}
 j - 2 scrolls of fear
 k - a scroll of immolation {unknown}
 l - a scroll of magic mapping {unknown}
Potions
 f - a potion of cure mutation
Books
 b - a book of Maledictions

   Spells                             Type                      Level
   a - Corona                         Hexes                        1
   b - Ensorcelled Hibernation        Hexes/Ice                    2
   c - Confuse                        Hexes                        3
   d - Tukima's Dance                 Hexes                        3
   e - Dazzling Spray                 Conjuration/Hexes            3
Comestibles
 c - 4 bread rations
 r - 2 meat rations


   Skills:
 - Level 1.0(0.0) Short Blades
 - Level 1.7(0.5) Dodging
 + Level 4.3(3.0) Stealth
 + Level 3.8(2.5) Spellcasting
 + Level 4.3(2.9) Hexes


You had 6 spell levels left.
You knew the following spells:

 Your Spells              Type           Power        Failure   Level  Hunger
a - Corona                Hex            ##.....      6%          1    #......
b - Ensorcelled Hibernat  Hex/Ice        #.....       17%         2    ##.....
c - Confuse               Hex            ##......     17%         3    ###....


Dungeon Overview and Level Annotations

Branches:
Dungeon (4/15)
 Temple: D:4-7

Altars:
Gozag
Makhleb

Annotations:
D:4 braks's ghost, amateur DsMo


Innate Abilities, Weirdness & Mutations

Your plain brown scales are hard. (AC +6)
You cannot fit into any form of body armour.
You are cold-blooded and may be slowed by cold attacks.


Message History

Braks's ghost hits you but does no damage.
You barely miss braks's ghost.
Braks's ghost is almost destroyed.
Braks's ghost hits you.
You barely miss braks's ghost.
Braks's ghost is almost destroyed.
Braks's ghost hits you!
* * * LOW HITPOINT WARNING * * *
Your magical contamination has completely faded away.
You hit braks's ghost. You freeze braks's ghost.
Braks's ghost is almost destroyed.
Braks's ghost misses you.
Casting: Confuse
Confirm with . or Enter, or press ? or * to list all spells.
Aiming: Confuse
Press: ? - help, Shift-Dir - straight line, f/p - braks's ghost
Aim: braks's ghost (almost destroyed, chance to defeat MR: 32%) Braks's ghost appears confused.
Braks's ghost hits you!
You die...

######
#....########
#.##.W@.....#
####.#########.#
#....# #.#
#.########## #.#
#.#........# #W#
#[#.######.# #.#
#.#.# #.# #.#
#.#.#
#.###.###########
########.#.#
#........W.......


You could see braks's ghost (confused).

Vanquished Creatures
  Sigmund (D:2)
  A gnoll shaman (D:4)
  2 gnolls (D:4)
  An ooze (D:1)
  2 worms
  2 dart slugs
  3 leopard geckos
  9 orcs (D:3)
  5 giant cockroaches
  5 goblins
  7 hobgoblins
  7 jackals
  2 quokkas
  2 ball pythons
  2 bats
  5 frilled lizards
  9 kobolds
  5 rats
70 creatures vanquished.

Notes
Turn   | Place    | Note
-------+----------+-------------------------------------------
     0 | D:1      | KristoblXynda the Draconian Enchanter began the quest for the Orb.
     0 | D:1      | Reached XP level 1. HP: 14/14 MP: 3/3
   577 | D:1      | Reached XP level 2. HP: 20/20 MP: 5/5
  1472 | D:2      | Reached XP level 3. HP: 23/26 MP: 6/6
  1703 | D:2      | Noticed Sigmund
  1734 | D:2      | Learned a level 2 spell: Ensorcelled Hibernation
  1828 | D:2      | Killed Sigmund
  1828 | D:2      | Reached XP level 4. HP: 6/33 MP: 7/9
  1828 | D:2      | Reached XP level 5. HP: 7/38 MP: 7/10
  3314 | D:4      | Found an opulent altar of Gozag.
  3394 | D:4      | Found a burning altar of Makhleb.
  3418 | D:3      | Learned a level 3 spell: Confuse
  3462 | D:4      | Reached XP level 6. HP: 31/45 MP: 7/11
  3634 | D:4      | Noticed braks's ghost (amateur DsMo)
  4004 | D:4      | Slain by braks's ghost

Vault maps used:
D:1:      sevenhm_arrival_forest_fort_large_2
D:2:      serial_glass, glass_columns_b, glass_columns_b, first_bread,
          kennysheep_decorative_pillar, corexii_shack, uniq_sigmund
D:3:      minmay_fountain_box, dk_noncrumbling_4, glass_columns_a
D:4:      minmay_wonky_spiral, nicolae_overflow_crystal_walls,
          nicolae_gozag_seed_capital, zin_academy

Skill      XL: |  1  2  3 |
---------------+----------+-----
Hexes          | 3 4 |  4.3
Stealth        | 3 4 |  4.3
Spellcasting   | 3 |  3.8
Short Blades   | |  1.0
Dodging        | |  1.7

Action                   |  1- 3 |  4- 6 || total
-------------------------+-------+-------++-------
Melee: Dagger            |   115 |   227 ||   342
       Tailslap          |     9 |    23 ||    32
 Cast: Ensorcelled Hiber |     1 |     3 ||     4
       Confuse           |       |    11 ||    11
  Use: Scroll            |     9 |     1 ||    10
       Potion            |     4 |       ||     4
 Stab: Sleeping          |     7 |     4 ||    11
       Invisible         |     1 |       ||     1
       Distracted        |       |     1 ||     1
       Confused          |       |     3 ||     3
  Eat: Chunk             |     2 |     6 ||     8
       Beef jerky        |     1 |     1 ||     2
Armor: Skin              |    38 |    60 ||    98
Dodge: Dodged            |    68 |   107 ||   175
